 Dungeon Crawl Stone Soup version 0.17.0-26-gececa24 (webtiles) character file.

317 Ivanskos the Covered (level 6, -1/48 HPs)
             Began as a Formicid Wanderer on Nov 19, 2015.
             Was a Follower of Nemelex Xobeh.
             Slain by a worker ant (2 damage)
             ... on level 4 of the Dungeon.
             The game lasted 00:16:21 (3167 turns).

Ivanskos the Covered (Formicid Wanderer)            Turns: 3167, Time: 00:16:25

Health: -1/48      AC: 10    Str: 21    XL:     6   Next: 74%
Magic:  6/6        EV: 10    Int:  5    God:    Nemelex Xobeh [*.....]
Gold:   206        SH:  0    Dex:  9    Spells: 0 memorised, 5 levels left

rFire  . . .     SeeInvis +     b - +0 spear
rCold  . . .     Clarity  .     a - +2 scale mail
rNeg   . . .     SustAt   .     (no shield)
rPois  .         Gourm    .     (helmet unavailable)
rElec  .         Spirit   .     (no cloak)
rCorr  .         Warding  .     (no gloves)
rMut   .         Stasis   +     (no boots)
MR     .....                    (no amulet)
Stlth  ..........               (no ring)
                                s - -5 ring of intelligence (curse)

@: lethally poisoned (-1 -> -8), not resistant to hostile enchantments,
extremely unstealthy
A: permanent stasis, dig shafts and tunnels, four strong arms, antennae 3
a: Dig, Shaft Self, Renounce Religion


You were on level 4 of the Dungeon.
You worshipped Nemelex Xobeh.
Nemelex Xobeh was aware of your devotion.
You were not hungry.

You visited 1 branch of the dungeon, and saw 4 of its levels.

You collected 206 gold pieces.

Inventory:

Hand Weapons
 b - a +0 spear (weapon)
 d - a +0 dagger
Armour
 a - a +2 scale mail (worn)
Jewellery
 s - a cursed -5 ring of intelligence (left hand)
Scrolls
 f - 4 scrolls of identify {unknown}
 h - a scroll of teleportation {unknown}
 j - a scroll of fog {unknown}
 k - a scroll of remove curse {unknown}
 m - a scroll of random uselessness {unknown}
 n - a scroll of amnesia {unknown}
 q - 2 scrolls of blinking {unknown}
Potions
 c - 2 potions of lignification
 g - a potion of magic {unknown}
 o - a potion of ambrosia {unknown}
 p - a potion of haste {unknown}
 t - a potion of degeneration {unknown}
 u - a potion of curing {unknown}
Miscellaneous
 i - a plain deck of escape
 l - a plain deck of escape {drawn: 1}
Comestibles
 e - 3 bread rations
 v - 2 meat rations
 w - a beef jerky


   Skills:
 + Level 4.1 Fighting
 + Level 2.6 Polearms
 + Level 7.6 Armour
 + Level 2.3 Dodging
 - Level 2.4 Stealth


You had 5 spell levels left.
You didn't know any spells.

Dungeon Overview and Level Annotations

Branches:
Dungeon (4/15)
 Temple: D:4-7

Altars:
Nemelex Xobeh
Vehumet


Innate Abilities, Weirdness & Mutations

You are under a permanent stasis effect.
You can dig through walls and to a lower floor.
Your four strong arms can wield two-handed weapons with a shield.
You have a pair of large antennae on your head (SInv).


Message History

The worker ant is heavily wounded.
You feel sick. The worker ant barely misses you.
You completely miss the worker ant.
The worker ant is heavily wounded.
The worker ant bites you but does no damage.
You hit the worker ant.
The worker ant is heavily wounded.
You feel sick. The worker ant bites you.
* * * LOW HITPOINT WARNING * * *
You hit the worker ant.
The worker ant is severely wounded.
The worker ant bites you but does no damage.
You barely miss the worker ant.
The worker ant is severely wounded.
The worker ant bites you.
* * * LOW HITPOINT WARNING * * *
You are more poisoned.
The worker ant poisons you! The worker ant bites you.
You die...
Your body disappears without a glow.

##### ..... ......
############
...)..####..........####
......a@.'..........+...
......#.##..........####
..... #.##..........#
#### #.##..........#
#.##..........#
#.##..........####
#.#####...#.......
#.##.........###.#
{#.##.##.#.#..###.#


You could see a worker ant.

Vanquished Creatures
  An ogre (D:4)
  Ijyb (D:3)
  Natasha (D:4)
  2 orc wizards (D:3)
  A worker ant (D:4)
  2 adders
  An ooze (D:1)
  3 worms
  An adder skeleton (D:4)
  7 orcs
  10 bats
  4 giant cockroaches
  10 hobgoblins
  6 jackals
  9 kobolds
  3 quokkas
  5 giant newts
  4 goblins
  9 rats
80 creatures vanquished.

Notes
Turn   | Place    | Note
--------------------------------------------------------------
     0 | D:1      | Ivanskos the Formicid Wanderer began the quest for the Orb.
     0 | D:1      | Ivanskos set off with: a +2 scale mail, a +0 spear, a potion of lignification, a +0 dagger, a bread ration
     0 | D:1      | Reached XP level 1. HP: 16/16 MP: 1/1
   113 | D:1      | Reached XP level 2. HP: 8/23 MP: 2/2
   348 | D:1      | Reached XP level 3. HP: 10/28 MP: 3/3
   599 | D:2      | Found a sparkling altar of Nemelex Xobeh.
   606 | D:2      | Became a worshipper of Nemelex Xobeh the Trickster
   634 | D:2      | Received a gift from Nemelex Xobeh
   800 | D:2      | Reached skill level 1 in Polearms
   823 | D:2      | Found a radiant altar of Vehumet.
  1383 | D:2      | Reached skill level 1 in Dodging
  1383 | D:2      | Reached XP level 4. HP: 31/34 MP: 4/4
  1434 | D:2      | Reached skill level 7 in Armour
  1673 | D:3      | Received a gift from Nemelex Xobeh
  1718 | D:3      | Found a sparkling altar of Nemelex Xobeh.
  1793 | D:3      | Reached * piety under Nemelex Xobeh
  2160 | D:3      | Noticed Ijyb
  2195 | D:3      | Reached XP level 5. HP: 24/41 MP: 5/5
  2250 | D:3      | Killed Ijyb
  2990 | D:4      | Reached XP level 6. HP: 27/47 MP: 6/6
  3083 | D:4      | Noticed Natasha
  3095 | D:4      | Killed Natasha
  3132 | D:4      | Noticed an ogre
  3141 | D:4      | Killed an ogre
  3167 | D:4      | HP: 1/48 [worker ant (3)]
  3167 | D:4      | Slain by a worker ant

Action                   |  1- 3 |  4- 6 || total
-------------------------+-------+-------++-------
Melee: Spear             |   188 |   268 ||   456
 Abil: Dig               |     1 |     1 ||     2
Evoke: Deck              |       |     1 ||     1
  Eat: Bread ration      |       |     1 ||     1
       Beef jerky        |       |     1 ||     1
       Royal jelly       |       |     1 ||     1
